AoeStats
← Mclovin

Arena

510195101Analyzed
3v3 RM · 15h ago on Sep 29, 2026· 65m 54s· 6 players
Game mode
Random Map
Map size
Normal (6 player)
Population
200
Speed
Normal
Resources
Standard
Victory
Conquest
Starting age
Dark Age
Ending age
Imperial Age
RankedLock teamsTeams togetherTeam positionsShared explorationLock speedFull tech treeHidden civsTurbo modeCheats
Victory
Defeat
🇩🇪 Celts · Germany
941
+17
🇦🇺 Saxons · Australia
923
+18
🇦🇷 Mongols · Argentina
892
+19
🇹🇷 Chinese · Türkiye
1001
-19
🇹🇷 Bohemians · Türkiye
961
-18
🇹🇷 Britons · Türkiye
932
-17
Mclovin
Heinlemann
11:03 Feudal Age
15:01 Castle Age
28:22 Double-Bit Axe
28:32 Horse Collar
29:46 Fletching
29:56 Padded Archer Armor
32:30 Stronghold
33:27 Padded Archer Armor
34:29 Bodkin Arrow
34:49 Leather Archer Armor
37:36 Leather Archer Armor
39:48 Murder Holes
43:25 Imperial Age
41:46 Wheelbarrow
41:41 Ballistics
42:29 Scale Mail Armor
42:40 Forging
44:47 Conscription
45:07 Ring Archer Armor
45:51 Chemistry
45:11 Heavy Plow
46:15 Heavy Scorpion
46:36 Onager
46:48 Capped Ram
48:20 Furor Celtica
49:53 Siege Onager
52:33 Siege Onager
52:50 Elite Skirmisher
61:38 Siege Engineers
60:56 Siege Ram
Pancito
6:29 Loom
10:24 Feudal Age
11:22 Double-Bit Axe
17:43 Castle Age
15:42 Horse Collar
17:07 Gold Mining
18:59 Wheelbarrow
19:15 Husbandry
19:26 Bloodlines
27:09 Fletching
27:19 Padded Archer Armor
28:11 Forging
29:40 Bow Saw
30:23 Heavy Plow
32:47 Light Cavalry
34:29 Leather Archer Armor
34:19 Scale Barding Armor
35:44 Bodkin Arrow
35:56 Scale Barding Armor
40:55 Iron Casting
40:40 Chain Barding Armor
44:38 Imperial Age
43:39 Gold Shaft Mining
42:58 Stone Mining
44:04 Hand Cart
43:34 Town Watch
45:00 Ballistics
45:45 Drill
44:48 Capped Ram
44:49 Heavy Scorpion
47:11 Chemistry
46:59 Hussar
49:29 Elite Mangudai
50:09 Siege Ram
52:15 Blast Furnace
51:15 Bracer
55:01 Siege Engineers
55:07 Town Patrol
61:12 Conscription
AlpAlpx
0:26 Loom
9:59 Feudal Age
10:37 Double-Bit Axe
14:58 Horse Collar
20:06 Castle Age
20:41 Padded Archer Armor
20:34 Fletching
23:57 Thumb Ring
26:19 Fortified Wall
26:38 Bow Saw
28:26 Ballistics
33:28 Imperial Age
31:37 Great Wall
35:20 Chemistry
35:08 Conscription
38:30 Leather Archer Armor
38:35 Elite Chu Ko Nu
40:58 Wheelbarrow
41:47 Bodkin Arrow
42:12 Leather Archer Armor
42:07 Heavy Plow
43:11 Two-Man Saw
43:13 Hand Cart
42:58 Gold Mining
45:34 Gold Shaft Mining
45:45 Bracer
47:30 Ring Archer Armor
Baydoweyy
11:44 Feudal Age
12:22 Double-Bit Axe
18:19 Castle Age
19:11 Horse Collar
20:19 Heavy Plow
23:41 Imperial Age
21:58 Bow Saw
23:41 Chemistry
25:46 Two-Man Saw
26:18 Padded Archer Armor
29:24 Leather Archer Armor
33:35 Fortified Wall
34:01 Ring Archer Armor
39:03 Conscription
42:08 Wagenburg Tactics
etlipilav4381
11:45 Feudal Age
13:14 Double-Bit Axe
20:22 Castle Age
18:35 Stone Mining
22:05 Gambesons
21:41 Man-at-Arms
26:45 Horse Collar
27:32 Bow Saw
29:29 Heavy Plow
30:16 Gold Mining
35:50 Imperial Age
33:59 Wheelbarrow
34:58 Gold Shaft Mining
34:56 Elite Skirmisher
35:01 Long Swordsman
38:23 Yeomen
39:45 Two-Man Saw
40:35 Caravan
41:18 Fletching
41:29 Padded Archer Armor
42:05 Ballistics
42:46 Chemistry
43:39 Conscription
43:06 Elite Longbowman
44:15 Cranequins
49:31 Fortified Wall
50:01 Leather Archer Armor
49:42 Bodkin Arrow
53:53 Ring Archer Armor
53:25 Bracer
Connection lost

Rejoining the realm…

Still unreachable

The connection could not be restored.

Session expired

The server has moved on; the page needs a fresh start.